 Dungeon Crawl Stone Soup version 0.29.1-1-gd02db6906a (webtiles) character file.

Game seed: 11504806243799768867

554 Icepheonix32 the Changer (level 7, -7/48 HPs)
             Began as a Merfolk Transmuter on Oct 3, 2022.
             Killed by divine providence
             ... invoked by an orc priest
              (14 damage)
             ... on level 4 of the Dungeon.
             The game lasted 00:06:05 (4926 turns).

Icepheonix32 the Changer (Merfolk Transmuter)       Turns: 4926, Time: 00:06:06

Health: -7/48      AC:  3    Str: 11    XL:     7   Next: 30%
Magic:  11/12      EV: 31    Int: 14    God:
Gold:   190        SH:  0    Dex: 14    Spells: 6/12 levels left

rFire   . . .      SeeInvis +     - Unarmed
rCold   . . .      Faith    .   (no shield)
rNeg    . . .      Spirit   .   a - +0 robe
rPois   .          Reflect  .   (helmet currently unavailable)
rElec   .          Harm     .   f - +0 cloak
rCorr   .          Rampage  .   (no gloves)
Will    .....                   (boots currently unavailable)
Stlth   +++.......              s - amulet of the acrobat
HPRegen 0.16/turn               m - ring of see invisible
MPRegen 0.13/turn               (no ring)

@: appendages (expiring), wereblooded, acrobatic, very quick
A: horns 2, nimble swimmer 2, mertail
a: End Transformation


You were on level 4 of the Dungeon.
You had temporarily grown beastly horns.
You visited 1 branch of the dungeon, and saw 4 of its levels.

You collected 190 gold pieces.

Inventory:

Armour
 a - a +0 robe (worn)
 f - a +0 cloak (worn)
 k - a +1 hat (melded)
Magical Staves
 e - a staff of air
Jewellery
 m - a ring of see invisible (left hand)
 s - an amulet of the acrobat (around neck)
Wands
 l - a wand of roots (8)
Scrolls
 c - a scroll of magic mapping
 g - 2 scrolls of teleportation
 i - a scroll of enchant weapon
 j - 2 scrolls of butterflies
 p - a scroll of noise {unknown}
 r - a scroll of fear {unknown}
Potions
 d - a potion of ambrosia
 h - a potion of brilliance
 n - a potion of haste {unknown}
 o - a potion of heal wounds {unknown}
 q - a potion of flight {unknown}


   Skills:
 + Level 1.3 Fighting
 + Level 3.7 Dodging
 + Level 2.1 Stealth
 + Level 5.2 Unarmed Combat
 + Level 3.3 Spellcasting
 * Level 5.7 Transmutations
 * Level 3.0 Poison Magic


You had 6 spell levels left.
You knew the following spells:

 Your Spells              Type           Power      Damage    Failure   Level
a - Beastly Appendage     Tmut           36%        N/A       1%          1
b - Wereblood             Tmut           18%        N/A       3%          2
c - Spider Form           Tmut/Pois      14%        N/A       10%         3

Your spell library contained the following spells:

 Spells                   Type           Power      Damage    Failure   Level
 Inner Flame              Hex/Fire       2%         N/A       52%         3
 Ice Form                 Ice/Tmut       10%        N/A       54%         4
 Cause Fear               Hex            1%         N/A       90%         4
 Discord                  Hex            1%         N/A       100%        8


Dungeon Overview and Level Annotations

Branches:
Dungeon (4/15)
 Temple: D:4-7

Altars:
Fedhas
Qazlal

Annotations:
D:4 Sigmund


Innate Abilities, Weirdness & Mutations

You have temporarily grown beastly horns.
You are very nimble when in or above water. (Stealth+, EV+, Speed+++)
Your lower body shifts to a powerful aquatic tail in water.


Message History

Beogh smites you!
Unknown command.
You hit the orc priest but do no damage.
Your headbutt misses the orc priest.
The orc priest is almost dead.
The orc priest invokes the aid of Beogh against you.
Pain shoots through your body! The orc priest hits you with a +0 whip!
You barely miss the orc priest.
The orc priest is almost dead.
The orc priest hits you with a +0 whip.
You hit the orc priest. Your headbutt misses the orc priest.
The orc priest is almost dead.
The orc priest hits you with a +0 whip.
You hit the orc priest but do no damage.
You headbutt the orc priest.
You feel a bit better.
You kill the orc priest!
You hear a splash.
You closely miss the orc priest. You headbutt the orc priest!
You tail-slap the orc priest.
The orc priest is almost dead.
You howl as the wereblood boils in your veins!
The orc priest misses you. The orc closely misses you.
The orc priest invokes the aid of Beogh against you.
Beogh smites you!
* * * LOW HITPOINT WARNING * * *
Sigmund hits the plant with a +2 scythe of flaming!
The plant begins to die.
Sigmund burns the plant.
Unknown command.
You feel better.
The orc priest looks braver for a moment.
Your transformation is almost over.
The orc priest calls down the wrath of Beogh upon you.
Beogh smites you!
* * * LOW HITPOINT WARNING * * *
Unknown command.
You feel better.
A nearby plant withers and dies.
The orc priest invokes the aid of Beogh against you.
Beogh smites you!
You die...

#.[.# #♣♣♣~~~)~♣~♣.# #...#
#~~~~~~~)~~♣.#######
#######...##♣~~~~~~~[~♣~.#.....#
......>.....♣♣~~~~~♣~~~♣♣#.....#
............♣~~o)~~~~♣~♣~......#
............~♣oo@≈≈≈~~~~♣#.....#
#.#####...#♣~~~♣≈~≈≈≈~~~♣......#
#.# ###...#~♣~~≈≈~≈≈≈~~~♣P######
#.# #......♣♣~≈~@≈≈≈≈~♣~P♣# #.#
#.#...#♣♣~≈≈≈≈≈≈≈≈~~~~## ..#
#.#...#P~~~≈≈≈≈≈≈≈≈~~♣.# ###
#.#....~~~≈≈≈≈≈≈≈≈≈)~♣.######
#.#...#♣~~≈≈≈≈≈≈≈≈≈~~♣.....O.
#.#####♣~♣~~≈≈≈≈≈≈≈~♣♣.######
##.....†♣~PP~≈≈≈≈≈~~~~~.#
#........~♣~≈~~≈≈≈≈~~~♣.# ##
#.#####..~♣P~~≈≈≈≈~~♣~..#


You could see Sigmund, an orc priest and 2 orcs.

Vanquished Creatures
  Menkaure (D:4)
  An ogre (D:4)
  A howler monkey (D:4)
  4 orc priests
  A hound (D:4)
  Crazy Yiuf (D:3)
  Jessica (D:2)
  An iguana (D:4)
  3 adders
  2 dart slugs
  6 orcs
  4 endoplasms
  4 giant cockroaches
  5 goblins
  5 hobgoblins
  7 kobolds
  6 quokkas
  4 ball pythons
  3 bats
  A frilled lizard (D:2)
  4 rats
65 creatures vanquished.

Vanquished Creatures (others)
  26 plants (D:4)
26 creatures vanquished.

Grand Total: 91 creatures vanquished

Notes
Turn   | Place    | Note
-------+----------+-------------------------------------------
     0 | D:1      | Icepheonix32 the Merfolk Transmuter began the quest for the
                  | Orb.
     0 | D:1      | Reached XP level 1. HP: 15/15 MP: 3/3
   386 | D:1      | Reached XP level 2. HP: 14/21 MP: 3/5
   484 | D:1      | Found a faded altar of an unknown god.
  1129 | D:2      | Reached XP level 3. HP: 20/26 MP: 6/6
  1542 | D:2      | Found a stormy altar of Qazlal.
  1808 | D:2      | Noticed Jessica
  1820 | D:2      | Killed Jessica
  1821 | D:2      | Reached XP level 4. HP: 32/32 MP: 7/7
  2008 | D:2      | Reached skill level 1 in Stealth
  2044 | D:2      | Learned a level 2 spell: Wereblood
  2048 | D:2      | Learned a level 3 spell: Spider Form
  2169 | D:3      | Found a runed translucent door.
  2170 | D:3      | Noticed Crazy Yiuf
  2574 | D:3      | Reached XP level 5. HP: 33/37 MP: 7/9
  3303 | D:3      | Killed Crazy Yiuf
  3304 | D:3      | Reached skill level 1 in Poison Magic
  3406 | D:4      | Found a blossoming altar of Fedhas.
  3478 | D:4      | Reached XP level 6. HP: 10/43 MP: 10/10
  3482 | D:4      | Reached skill level 5 in Transmutations
  4140 | D:4      | Noticed Menkaure
  4530 | D:4      | Killed Menkaure
  4531 | D:4      | Reached skill level 5 in Unarmed Combat
  4531 | D:4      | Reached XP level 7. HP: 10/48 MP: 8/11
  4909 | D:4      | Noticed Sigmund
  4922 | D:4      | HP: 2/48 [orc priest/divine providence (15)]
  4926 | D:4      | Killed from afar by an orc priest

Illustrated notes

Levels and vault maps discovered:
D:1:      sevenhm_arrival_forest_fort_large_2, layout_rooms,
          ebering_ecumenical_altar_hall, hangedman_abyss_or_decor_stabs
D:2:      layout_basic, basic_altar, hangedman_decor_clover_reticule,
          kennysheep_generic_room_6, uniq_jessica
D:3:      layout_basic, uniq_crazy_yiuf_cottage
D:4:      layout_loops_cross, lemuel_crystal_altar, serial_bayou_lake_a,
          uniq_menkaure, uniq_sigmund

Skill      XL: |  1  2  3  4  5  6  7 |
---------------+----------------------+-----
Dodging        | 3 |  3.7
Transmutations | 3 4 5 |  5.7
Stealth        | 1 2 |  2.1
Unarmed Combat | 4 5 |  5.2
Poison Magic   | 2 3 |  3.0
Spellcasting   | 3 |  3.3
Fighting       | |  1.3

Action                   |  1- 3 |  4- 6 |  7- 9 || total
-------------------------+-------+-------+-------++-------
Melee: Unarmed           |    90 |   117 |    14 ||   221
       Headbutt          |     9 |    14 |     3 ||    26
       Punch             |     1 |     4 |     1 ||     6
       Tailslap          |       |     6 |     2 ||     8
 Cast: Beastly Appendage |    19 |    15 |     2 ||    36
       Spider Form       |       |     2 |       ||     2
       Wereblood         |       |       |     1 ||     1
  Use: Scroll            |     5 |     3 |       ||     8
       Potion            |     3 |     3 |     2 ||     8
 Stab: Sleeping          |     1 |     1 |       ||     2
Armor: Robe              |    15 |    15 |       ||    30
       Skin              |     2 |       |       ||     2
Dodge: Dodged            |    50 |    78 |     5 ||   133
